 Dungeon Crawl Stone Soup version 0.23.1-37-gaa34b87 (webtiles) character file.

Game seed: 5541464686046302032

156 Borgoz the Skirmisher (level 5, -3/46 HPs)
             Began as a Ghoul Monk on Mar 22, 2019.
             Slain by a hornet (8 damage)
             ... on level 5 of the Dungeon.
             The game lasted 00:06:40 (1945 turns).

Borgoz the Skirmisher (Ghoul Monk)                  Turns: 1945, Time: 00:06:40

Health: -3/46      AC:  8    Str: 15    XL:     5   Next: 38%
Magic:  4/4        EV:  7    Int:  6    God:
Gold:   113        SH:  0    Dex: 11    Spells: 4/4 levels left

rFire    . . .     SeeInvis .     - Unarmed
rCold    + . .     Gourm    .   (no shield)
rNeg     + + +     Faith    .   c - +0 chain mail
rPois    ∞         Spirit   .   (no helmet)
rElec    .         Reflect  .   (no cloak)
rCorr    .         Harm     .   (no gloves)
MR       .....                  (no boots)
Stlth    ..........             (no amulet)
HPRegen  0.00/turn              (no ring)
MPRegen  0.09/turn              (no ring)

@: rotting
A: rotting body, claws 1, carnivore, cold resistance 1, negative energy
resistance 3, inhibited regeneration, torment resistance, unbreathing
a: no special abilities


You were on level 5 of the Dungeon.
You were not hungry.

You visited 1 branch of the dungeon, and saw 5 of its levels.

You collected 113 gold pieces.

Inventory:

Hand Weapons
 b - a +0 blowgun
 o - a +0 dagger of protection
Missiles
 p - 8 poisoned needles
Armour
 c - a +0 chain mail (worn)
Scrolls
 a - 3 scrolls of blinking {unknown}
 d - 2 scrolls of identify {unknown}
 f - a scroll of remove curse {unknown}
 h - a scroll of immolation {unknown}
 i - a scroll of fog {unknown}
 j - 2 scrolls of magic mapping {unknown}
 k - a scroll of enchant weapon {unknown}
 l - a scroll of teleportation {unknown}
Comestibles
 m - 4 rations


   Skills:
 + Level 4.1 Fighting
 * Level 2.2 Short Blades
 + Level 2.0 Armour
 + Level 3.4 Dodging
 - Level 2.5 Stealth
 - Level 3.2 Unarmed Combat


You had 4 spell levels left.
You didn't know any spells.
Your spell library was empty.

Dungeon Overview and Level Annotations

Branches:
Dungeon (5/15)
 Temple: D:4-7

Altars:
Dithmenos
Uskayaw

Annotations:
D:3 1 runed translucent door, grocchini's ghost, amateur MiMo


Innate Abilities, Weirdness & Mutations

Your body is rotting away.
You thrive on raw meat.
You are immune to poison.
You have sharp fingernails.
You are carnivorous and can eat meat at any time.
Your flesh is cold resistant. (rC+)
You are immune to negative energy. (rN+++)
You do not regenerate when monsters are visible.
You are immune to unholy pain and torment.
You can survive without breathing.


Message History

Found a coppery potion.
There is a stone staircase leading up here.
Okay, then.
It was a potion of curing.
You feel better. The adder bites you.
* * * LOW HITPOINT WARNING * * *
The howler monkey barely misses you.
You feel better. The adder bites you but does no damage. The hornet stings you.
* * * LOW HITPOINT WARNING * * *
The howler monkey hits you but does no damage.
The adder barely misses you.
The hornet stings you but does no damage.
It was a potion of lignification.
You feel woody for a moment. The howler monkey hits you.
* * * LOW HITPOINT WARNING * * *
The hornet stings you.
* * * LOW HITPOINT WARNING * * *
The adder bites you but does no damage.
You closely miss the hornet. The howler monkey barely misses you.
The hornet stings you!
You die...

## .. .#
.# .# .#
##S##
#@y.#
#h......!
#...#####
#####


You could see a hornet, a howler monkey and an adder.

Vanquished Creatures
  2 orc wizards (D:3)
  2 adders (D:2)
  4 worms
  2 leopard geckos
  14 orcs
  3 bats
  3 giant cockroaches
  4 goblins
  3 hobgoblins
  4 jackals (D:2)
  A quokka (D:2)
  7 frilled lizards
  6 kobolds
  5 rats
60 creatures vanquished.

Notes
Turn   | Place    | Note
-------+----------+-------------------------------------------
     0 | D:1      | Borgoz the Ghoul Monk began the quest for the Orb.
     0 | D:1      | Reached XP level 1. HP: 19/19 MP: 0/0
   126 | D:1      | Reached XP level 2. HP: 26/26 MP: 1/1
   238 | D:1      | Reached skill level 1 in Armour
   807 | D:2      | Found a shadowy altar of Dithmenos.
   823 | D:2      | Reached XP level 3. HP: 14/31 MP: 2/2
  1046 | D:2      | Reached skill level 1 in Short Blades
  1271 | D:3      | Reached XP level 4. HP: 24/40 MP: 3/3
  1563 | D:3      | Reached XP level 5. HP: 37/46 MP: 4/4
  1567 | D:3      | Reached skill level 4 in Fighting
  1607 | D:3      | Found a runed translucent door.
  1607 | D:3      | Noticed grocchini's ghost (amateur MiMo)
  1770 | D:3      | Found a hide-covered altar of Uskayaw.
  1935 | D:4      | Noticed an ogre
  1941 | D:5      | Entered Level 5 of the Dungeon
  1941 | D:5      | Noticed a hornet
  1945 | D:5      | Slain by a hornet

Skill      XL: |  1  2  3  4  5 |
---------------+----------------+-----
Armour         | 1 2 |  2.0
Dodging        | 3 |  3.4
Short Blades   | 1 2 |  2.2
Fighting       | 4 |  4.1
Stealth        | |  2.5
Unarmed Combat | |  3.2

Action                   |  1- 3 |  4- 6 || total
-------------------------+-------+-------++-------
Melee: Unarmed           |   127 |   158 ||   285
       Punch             |     1 |       ||     1
  Use: Potion            |       |     3 ||     3
  Eat: Chunk             |     4 |    18 ||    22
Armor: Chain mail        |    65 |   105 ||   170
Dodge: Dodged            |    49 |    44 ||    93
